 Dungeon Crawl Stone Soup version 0.23-a0-85-g22930c1 (webtiles) character file.

59 digijack the Sneak (level 3, 0/18 HPs)
             Began as a Spriggan Assassin on Aug 13, 2018.
             Succumbed to an adder's poison
             ... on level 2 of the Dungeon.
             The game lasted 00:11:59 (1249 turns).

digijack the Sneak (Spriggan Assassin)              Turns: 1249, Time: 00:12:00

Health: 0/18       AC:  2    Str:  7    XL:     3   Next: 78%
Magic:  4/4        EV: 18    Int: 12    God:
Gold:   100        SH:  0    Dex: 18    Spells: 2/2 levels left

rFire    . . .     SeeInvis +   a - +2 dagger
rCold    . . .     Gourm    .   (shield restricted)
rNeg     . . .     Faith    .   c - +0 robe
rPois    .         Spirit   .   (helmet restricted)
rElec    .         Reflect  .   n - scarf {repulsion}
rCorr    .         Harm     .   (gloves unavailable)
MR       .....                  (boots unavailable)
Stlth    ++........             (no amulet)
HPRegen  0.06/turn              (no ring)
MPRegen  0.09/turn              (no ring)

@: lethally poisoned (0 -> -4), repel missiles, slow
A: very small, unfitting armour, see invisible, herbivore, speed 3, slow
metabolism 2
a: no special abilities


You were on level 2 of the Dungeon.
You were not hungry.

You visited 1 branch of the dungeon, and saw 2 of its levels.

You collected 100 gold pieces.

Inventory:

Hand Weapons
 a - a +2 dagger (weapon)
 b - a +0 blowgun
Missiles
 e - 8 poisoned needles
 f - 2 curare-tipped needles
 h - 15 stones (quivered)
Armour
 c - a +0 robe (worn)
 d - a +0 cloak
 n - a scarf of repulsion (worn)
Scrolls
 i - a scroll of blinking
 k - a scroll of remove curse
Potions
 j - a potion of flight
Comestibles
 g - 5 rations


   Skills:
 + Level 2.0 Fighting
 + Level 2.8 Short Blades
 - Level 2.0 Throwing
 + Level 2.7 Dodging
 * Level 6.9 Stealth


You had 2 spell levels left.
You didn't know any spells.
Your spell library was empty.

Dungeon Overview and Level Annotations

Branches:
Dungeon (2/15)

Altars:


Innate Abilities, Weirdness & Mutations

You are very small and have problems with some larger weapons.
You are too small for most types of armour.
You have supernaturally acute eyesight. (SInv)
You are a herbivore.
You cover ground extremely quickly.
You need to consume almost no food.


Message History

* * * LOW HITPOINT WARNING * * *
The bat closely misses you.
There is an open door here.
An adder comes into view.
The bat hits you.
* * * LOW HITPOINT WARNING * * *
The bat closely misses you.
* * * LOW HITPOINT WARNING * * *
You feel sick.
You enter the shallow water.
Moving in this stuff is going to be slow.
The bat closely misses you. The bat hits you but does no damage.
* * * LOW HITPOINT WARNING * * *
You feel sick. The bat barely misses you. The bat closely misses you.
The bat closely misses you. The bat hits you.
* * * LOW HITPOINT WARNING * * *
You die...

.#.# #.♣P≈♣≈≈P≈P≈ .#.#
#.≈≈≈≈≈≈≈≈P≈ .#.#
#.≈≈≈P≈≈≈≈≈≈ .#.#
#≈≈≈≈≈≈≈≈≈≈P .#.#######
#P≈≈≈≈≈≈≈≈≈≈ .........#
#♣P≈≈≈b≈≈≈≈≈ ##.#####.##
#≈♣≈≈≈S≈≈≈≈≈ #.# #..#
#♣♣P≈≈≈≈≈≈≈≈ #.# ##.##
♣≈@≈≈≈≈≈≈≈≈ #.# #..#
♣≈≈≈≈≈≈≈≈≈≈
#.#######.###♣≈≈≈≈≈≈≈≈≈≈
#......[.....P♣♣P≈≈≈≈≈≈≈
##########.###♣≈≈≈≈≈≈≈≈P
#.## ♣≈≈≈≈≈≈♣≈
#..##♣♣≈≈≈≈≈PP
##.##≈♣≈≈≈≈≈≈≈ ♣
#.##.♣≈≈≈≈≈♣♣≈♣


You could see an adder (sleeping) and a bat.

Vanquished Creatures
  An adder (D:2)
  An ooze (D:1)
  A worm (D:2)
  A leopard gecko (D:1)
  8 bats (D:1)
  A giant cockroach (D:2)
  6 hobgoblins
  4 jackals (D:1)
  4 kobolds
  2 ball pythons (D:1)
  2 frilled lizards (D:1)
  4 goblins (D:1)
  5 rats (D:1)
40 creatures vanquished.

Notes
Turn   | Place    | Note
-------+----------+-------------------------------------------
     0 | D:1      | digijack the Spriggan Assassin began the quest for the Orb.
     0 | D:1      | Reached XP level 1. HP: 10/10 MP: 2/2
    61 | D:1      | Reached skill level 6 in Stealth
   107 | D:1      | Reached XP level 2. HP: 14/15 MP: 3/3
   363 | D:1      | Reached XP level 3. HP: 18/18 MP: 4/4
  1249 | D:2      | Succumbed to an adder's poison

Vault maps used:
D:1:      lightli_arrival_flooded_house, hangedman_abyss_or_decor_lesser_grid,
          st_stairs_5
D:2:      grunt_ministairs_3, serial_bayou_lake_a, uniq_jessica

Skill      XL: |  1  2  3 |
---------------+----------+-----
Stealth        | 6 |  6.9
Dodging        | 2 |  2.7
Fighting       | 2 |  2.0
Short Blades   | |  2.8
Throwing       | |  2.0

Action                   || total
-------------------------++-------
Melee: Dagger            ||   176
  Use: Potion            ||     1
       Scroll            ||     5
 Stab: Sleeping          ||     7
       Distracted        ||     1
Armor: Robe              ||    21
Dodge: Dodged            ||   138

Table legend:
 A = Non-vault XP
 B = Vault XP
 C = Vault XP percentage of total XP
 D = Non-vault monster count
 E = Vault monster count
 F = Vault count percentage of total count
 G = Total turns spent on level
                 A         B        C        D         E       F
            +---------+---------+-------+---------+---------+-------
      Total |      82 |       3 |   3.5 |      38 |       2 |   5.0
            +---------+---------+-------+---------+---------+-------
        D:1 |      59 |       3 |   4.8 |      33 |       2 |   5.7
        D:2 |      23 |       0 |   0.0 |       5 |       0 |   0.0
            +---------+---------+-------+---------+---------+-------
